 Dungeon Crawl Stone Soup version 0.30-a0-459-g9104f0fc43 (webtiles) character file.

Game seed: 14649596510684333733

2280953 MackTheKnife the Sorcerer (level 27, 102/203 HPs)
             Began as a Djinni Earth Elementalist on Dec 14, 2022.
             Was an Initiate of Gozag.
             Escaped with the Orb
             ... and 4 runes on Dec 15, 2022!
             The game lasted 03:55:27 (72881 turns).

MackTheKnife the Sorcerer (DjEE)                   Turns: 72881, Time: 03:55:27

Health: 102/203    AC: 22    Str: 14 (15) XL:     27
Gold:   1261       EV: 28    Int: 29 (30) God:    Gozag SH: 37 Dex: 37

rFire   + . .      SeeInvis +    a - +9 demon blade (drain) {long}
rCold   + . .      Faith    .    V - +3 tower shield of the Resonant God {rN+ Str+5 Dex+2}
rNeg    + + .      Spirit   .    G - +5 ring mail {rC+}
rPois   ∞          Reflect  +    x - +2 helmet {SInv}
rElec   +          Harm     .    n - +2 cloak {rCorr}
rCorr   +          Rampage  .    e - +2 pair of gloves {Dex+3}
Will    +++..      Rage     3%   (boots unavailable)
Stlth   ++........               P - amulet of the Duchess {Reflect Regen+ Str+3 Int+4 SH+5}
HPRegen 1.33/turn                N - ring "Zial" {Will+ rCorr Str-2 Int+8}
MPRegen 0.00/turn                Q - ring "Ehaywer" {Ice rElec rN+ Str+3 Dex+2}

@: on berserk cooldown, flying, hasted and slowed, studying 6 skills
A: sickness immunity, fire resistance 2, cold vulnerability 1, float, innate
caster, HP casting, extra vitality 1, thin skeletal structure 1, agile 1,
berserk 1, deterioration 1, dopey 1, subdued magic 1, MP-powered wands
0: Orb of Zot
}: 4/15 runes: decaying, slimy, silver, gossamer
a: Renounce Religion, Potion Petition, Call Merchant, Bribe Branch


You escaped.
You worshipped Gozag.
Gozag was most pleased with you.
You visited 12 branches of the dungeon, and saw 56 of its levels.
You visited the Abyss 1 time.
You visited 1 ziggurat, and saw 10 of its levels.
You also visited: Sewer, Bailey, Ice Cave and Wizlab.

You collected 33395 gold pieces.
You spent 9599 gold pieces at shops.
You paid 22535 gold pieces to Gozag.


Innate Abilities, Weirdness & Mutations

You are immune to sickness and miasma.
You are immune to poison.
Your flesh is very heat resistant. (rF++)
You are vulnerable to cold. (rC-)
You float through the air rather than walking.
You learn spells naturally, not from books.
Your magical power is your life essence.
You have superior vitality. (+4 MHP)
You have a somewhat thin skeletal structure. (Dex +2, Stealth+)
You are agile. (Dex +4, Str/Int -1)
You sometimes lose your temper in combat.
Your body sometimes deteriorates upon taking damage.
You are dopey. (Int -2)
Your spells are a little easier to cast, but a little less powerful.
You expend health (3 HP) to strengthen your wands.


   Skills:
 - Level 19.6 Fighting
 - Level 14.7 Long Blades
 - Level 8.8 Armour
 - Level 14.6 Dodging
 - Level 8.0 Stealth
 - Level 21.7 Shields
 + Level 25.7 Spellcasting
 - Level 7.5 Evocations


You couldn't memorise any spells.
You knew the following spells:

 Your Spells              Type           Power      Damage    Failure   Level
a - Sandblast             Erth           100%       2d20      0%          1
b - Passwall              Tmut/Erth      80%        N/A       0%          2
c - Conjure Ball Lightni  Conj/Air       48%        3x3d18    0%          6
d - Petrify               Tmut/Erth      97%        N/A       0%          4
e - Slow                  Hex            100%       N/A       0%          1
f - Searing Ray           Conj           100%       2d8       0%          2
g - Scorch                Fire           100%       2d10      0%          2
h - Portal Projectile     Hex/Tloc       100%       N/A       0%          3
i - Stone Arrow           Conj/Erth      100%       3d13      0%          3
j - Alistair's Intoxicat  Tmut/Pois      64%        N/A       0%          5
k - Dispersal             Tloc           48%        N/A       0%          6
l - Summon Cactus Giant   Summ           48%        N/A       0%          6
m - Monstrous Menagerie   Summ           48%        N/A       1%          7
n - Chain Lightning       Conj/Air       48%        3d64      4%          9
o - Polar Vortex          Ice            60%        N/A       4%          9
r - Ignition              Fire           48%        3d14      1%          8
z - Manifold Assault      Tloc           97%        N/A       0%          4
Your spell library was empty.

Inventory:

Hand Weapons
 a - a +9 demon blade of draining (weapon) {long}
   (You acquired it on level 1 of the Elven Halls)
 v - the +0 staff of Battle {staff}
   (You found it on level 3 of the Depths)

   It enhances your conjuration magic.
   It summons a battlesphere in combat, with strength depending on Conjurations
   skill.
   Its strikes trigger the battlesphere's blasts.
 R - the +11 plutonium sword {Contam Stlth-}
   (You found it on level 9 of a ziggurat)

   It occasionally inflicts wild transmutation effects on those it strikes,
   inflicting malmutation or extra damage, or polymorphing them into a new form.
   Contam:    It causes magical contamination when unequipped.
   Stlth:     It makes you less stealthy.
 W - the +6 Majin-Bo {vamp, MP+6 Int+6}
   (You found it on level 9 of a ziggurat)

   It heals its wielder for a portion of the damage dealt when they wound a
   living foe with it or with a spell.
   Its wielder's spells cost health as well as magical power.
   Int:       It affects your intelligence (+6).
   MP:        It affects your magic capacity (+6).
 Y - the +9 sword of Zonguldrok {reap}
   (You found it in a wizard's laboratory)

   Any living foe damaged by it may be reanimated upon death as a zombie
   friendly to the wielder, with an increasing chance as more damage is dealt.
Armour
 e - a +2 pair of gloves of dexterity (worn)
   (You found it on level 3 of the Elven Halls)
 m - the +0 pearl dragon scales "Uteisael" {Rampage rN+ Int+4 Dex+2, rare=g}
   (You bought it in a shop on level 1 of the Vaults)

   Int:       It affects your intelligence (+4).
   Dex:       It affects your dexterity (+2).
   rN:        It protects you from negative energy.
   Rampage:   It bestows one free step when moving towards enemies.
 n - a +2 cloak of preservation (worn)
   (You bought it in a shop on level 10 of the Dungeon)
 x - a +2 helmet of see invisible (worn)
   (You bought it in a shop on level 3 of the Lair of Beasts)
 G - a +5 ring mail of cold resistance (worn)
   (You bought it in a shop on level 9 of the Dungeon)
 O - the +2 hat of the Bear Spirit {Spirit, *Rage Will++}
   (You found it on level 3 of the Vaults)

   Going berserk makes the wearer tougher, and they're slowed less afterward.
   *Rage:     It berserks you when you make melee attacks (+20% chance).
   Will:      It greatly increases your willpower.
 V - the +3 tower shield of the Resonant God (worn) {rN+ Str+5 Dex+2}
   (You took it off Louise on level 3 of the Elven Halls)

   Str:       It affects your strength (+5).
   Dex:       It affects your dexterity (+2).
   rN:        It protects you from negative energy.
Jewellery
 b - a ring of protection from fire
   (You found it on level 6 of a ziggurat)
 u - the ring of the Mage {Wiz Archmagi}
   (You found it on level 5 of the Pits of Slime)

   [ring of wizardry]

   It improves your spell success rate.
   Archmagi:  It increases the power of your magical spells.
 E - the dreamshard necklace {*Dream Drain}
   (You found it on level 3 of the Depths)

   [amulet of nothing]

   It shatters if its wearer takes lethal or near-lethal damage, preventing the
   blow and releasing protective dreams that heal and fight for the wearer.
   Drain:     It drains your maximum health when unequipped.
 N - the ring "Zial" (left hand) {Will+ rCorr Str-2 Int+8}
   (You found it on level 1 of the Spider Nest)

   [ring of willpower]

   Str:       It affects your strength (-2).
   Int:       It affects your intelligence (+8).
   rCorr:     It protects you from acid and corrosion.
   Will:      It increases your willpower.
 P - the amulet of the Duchess (around neck) {Reflect Regen+ Str+3 Int+4 SH+5}
   (You bought it in a shop on level 2 of the Orcish Mines)

   [amulet of reflection]

   It reflects blocked missile attacks.
   Str:       It affects your strength (+3).
   Int:       It affects your intelligence (+4).
   Regen:     It increases your rate of health regeneration.
   SH:        It affects your SH (+5).
 Q - the ring "Ehaywer" (right hand) {Ice rElec rN+ Str+3 Dex+2}
   (You found it on level 4 of the Vaults)

   [ring of ice]

   It enhances your ice magic.
   Str:       It affects your strength (+3).
   Dex:       It affects your dexterity (+2).
   rF:        It makes you vulnerable to fire.
   rC:        It protects you from cold.
   rElec:     It insulates you from electricity.
   rN:        It protects you from negative energy.
 S - the amulet "Gayniump" {rElec rC+ Regen+ Str+3}
   (You found it on level 5 of the Pits of Slime)

   [amulet of regeneration]

   Str:       It affects your strength (+3).
   rC:        It protects you from cold.
   rElec:     It insulates you from electricity.
   Regen:     It increases your rate of health regeneration.
Wands
 l - a wand of light (31)
   (You found it on level 3 of the Elven Halls)
 F - a wand of roots (24)
   (You found it on level 4 of the Lair of Beasts)
 K - a wand of digging (4)
   (You found it on level 5 of the Dungeon)
Scrolls
 d - 4 scrolls of magic mapping {!r}
 i - 3 scrolls of brand weapon
 j - 3 scrolls of silence {!r}
 o - a scroll of enchant weapon
 t - 9 scrolls of enchant armour
 y - 3 scrolls of butterflies
 B - 14 scrolls of teleportation {@r4}
 C - 10 scrolls of fear
 I - 7 scrolls of fog
 J - 2 scrolls of poison
 L - 6 scrolls of immolation {!r!r}
Potions
 c - 7 potions of invisibility
 f - 2 potions of heal wounds {@q2}
 g - 9 potions of might
 h - 26 potions of curing {@q1}
 k - 2 potions of lignification {!q}
 p - a potion of mutation {!q}
 s - 7 potions of brilliance
 w - 4 potions of haste {@q3}
 D - a potion of resistance
 H - 5 potions of berserk rage {!q}
 M - 2 potions of ambrosia
 U - 7 potions of cancellation
Miscellaneous
 q - a phial of floods
   (You found it in a bailey)
 r - a condenser vane
   (You found it on level 2 of the Lair of Beasts)
 z - a lightning rod (4/4)
   (You found it on level 3 of the Elven Halls)
 A - a phantom mirror
   (You found it on level 5 of the Lair of Beasts)
 T - a box of beasts
   (You found it on level 1 of the Elven Halls)

Dungeon Overview and Level Annotations

Branches:
Dungeon (15/15)            Temple (1/1) D:5            Lair (5/5) D:9
  Swamp (4/4) Lair:2       Spider (4/4) Lair:2        Slime (5/5) Lair:4
    Orc (2/2) D:9             Elf (3/3) Orc:2        Vaults (5/5) D:13
  Crypt (3/3) Vaults:2       Tomb (0/3) Crypt:3      Depths (4/4) D:15
    Zot (5/5) Depths:4      Sewer (visited)          Bailey (visited)
  IceCv (visited)          WizLab (visited)

Altars:
Ashenzari
Cheibriados
Dithmenos
Elyvilon
Fedhas
Gozag
Hepliaklqana
Makhleb
Nemelex Xobeh
Okawaru
Qazlal
Ru
Trog
Uskayaw
Wu Jian
Xom
Yredelemnul
Zin
The Shining One
Jiyva

Shops:
D:7 [!(?   D:8 =   D:9 [**   D:10 *(   Orc:2 =!(:*:   Elf:1 ?   Elf:2 :
Lair:2 [[   Lair:3 [   Vaults:1 *[   Vaults:2 *   Vaults:5 :   Depths:1 *?*

Portals:
Hell: Depths:1 Depths:2 Depths:3 Depths:4
Abyss: Depths:3
Pandemonium: Depths:2

Annotations:
D:8 3 runed translucent doors, Xtruder99's ghost, novice GnFi
D:11 1 runed translucent door, heinrich's ghost, journeyman DsGl
D:13 Frances
Spider:2 Mlioglotl
Spider:4 Roxanne
Elf:1 6 runed translucent doors
Elf:2 exclusion: 3 doors
Elf:3 3 runed translucent doors, Qax Ubo's ghost, adept DsEn
Crypt:2 3 runed translucent doors
Zot:1 exclusion: orb of fire

....#########.#......#####.......
....#.....†...#..................
....#.#############..............
....#.# ####.....#...## ....#.#
#.......#### ....#.#
########....#..# # ....#.#
#⌠...⌠##.##.#..#### ......#
#.....##.##.#..##.+ ....###
#.@.>.......#..##.# ...####
#.(...###..#)..#..# #.....#
#⌠...⌠####.#...#..# #.###.#
######.#..##>.....# ....#.####
##.#####...... #...#....# ###
#.##### #######.## #.# #..
#.....#.# #.###.# #.###.#.#
#......


There were no monsters in sight!


Message History

Your body deteriorates!
You feel weakened. The neqoxec gestures at you.
Something tries to feed on your intellect! 😮 HP[-71]
You take 71 damage, and now have 113/203 hp.
MASSIVE DAMAGE!! (PAUSE) 😮 HP[+1]
You swap places. 😮 HP[+1] 😮 HP[+1] 😮 HP[+1]
You swap places. 😮 HP[+1] 😮 HP[+1] As you open the door, it creaks loudly! 😮 HP[+1]
There is an open door here. 😮 HP[+1] 😮 HP[+1]
A ynoxinul comes into view. 😮 HP[+1] 😮 HP[+1] 😮 HP[+1]
You closely miss the ynoxinul.
The ynoxinul gestures. 😮 HP[+1]
You slash the ynoxinul! You closely miss the ynoxinul.
You block the ynoxinul's attack. 😮 HP[+1]
You barely miss the ynoxinul. 😮 HP[+1]
You slash the ynoxinul! You block the ynoxinul's attack.
A red film seems to cover your vision as you go berserk!
You feel yourself moving faster!
You feel mighty!
You open the ynoxinul like a pillowcase!!!
You kill the ynoxinul!
The ufetubus disappears in a puff of smoke!
Cataneps calls on the powers of darkness!
Your body is wracked with pain!
* * * LOW HITPOINT WARNING * * *
Your body deteriorates!
You feel dopey. 😨 HP[-11]
You now have 304 max hp (+101).
You see here 8 gold pieces. 😨 HP[+1]
You feel a strong urge to attack something.
Your butterfly is engulfed in dark miasma.
Your butterfly is poisoned.
Your butterfly seems to slow down.
Your butterfly dies!
Your butterfly disappears in a burst of colours!
The neqoxec gestures at you.
Strange energies course through your body.
You feel your magical essence link to the dungeon's wands.
Cataneps gestures.
Cataneps seems to speed up. 😨 HP[+1] 😨 HP[+1]
You feel your anger nearly subside. 😨 HP[+1]
You are no longer berserk.
You are exhausted.
You feel yourself slow down. 😨 HP[-39]
You now have 203 max hp (-101).
There is a stone staircase leading up here. 😨 HP[+1]
You fly upwards.
There is a stone staircase leading down here.
Unknown command. 😨 HP[+3]
You regained 3 hp, and now have 86/203 hp. 😨 HP[+2]
You regained 2 hp, and now have 88/203 hp.
You see here a +0 whip {mace}. 😨 HP[+1] 😨 HP[+1] 😨 HP[+2]
You regained 2 hp, and now have 92/203 hp. 😨 HP[+1] 😨 HP[+1]
Aiming: Dig
Press: ? - help, Shift-Dir - straight line A rock wall.
This square is covered in magical glow.
You feel a surge of power!
The rock shatters into small pieces.
* * * LOW HITPOINT WARNING * * *
😨 HP[-1]
You take 1 damage, and now have 93/203 hp. 😨 HP[+1] 😨 HP[+1] 😨 HP[+2]
You regained 2 hp, and now have 97/203 hp.
There is an escape hatch in the floor here. 😨 HP[+1] 😨 HP[+1]
There is a staircase leading out of the dungeon here. 😨 HP[+2]
You regained 2 hp, and now have 101/203 hp.
Your extra speed is starting to run out.
You have escaped!

Skill      XL: |  1  2  3  4  5  6  7  8  9 10 11 12 13 14 15 16 17 18 19 20 21 22 23 24 25 26 27 |
---------------+----------------------------------------------------------------------------------+-----
Spellcasting   | 3 4 5 6 8 11 14 15 17 18 20 25 | 25.7
Fighting       | 2 3 5 8 9 11 12 14 15 19 | 19.6
Dodging        | 3 5 7 12 13 14 | 14.6
Long Blades    | 4 6 9 10 12 14 | 14.7
Evocations     | 2 7 |  7.5
Armour         | 3 7 8 |  8.8
Shields        | 6 7 11 16 19 20 21 | 21.7
Stealth        | 4 8 |  8.0

Action                   |  1- 3 |  4- 6 |  7- 9 | 10-12 | 13-15 | 16-18 | 19-21 | 22-24 | 25-27 || total
-------------------------+-------+-------+-------+-------+-------+-------+-------+-------+-------++-------
Melee: Quarterstaff      |     4 |    17 |    25 |     2 |       |       |       |       |       ||    48
       Long sword        |       |       |       |   144 |   312 |   991 |       |       |       ||  1447
       Punch             |       |       |       |     2 |     2 |       |       |       |       ||     4
       Demon blade       |       |       |       |       |       |   115 |  1269 |   286 |  1179 ||  2849
       Dagger            |       |       |       |       |       |       |    24 |       |       ||    24
       Double sword      |       |       |       |       |       |       |       |  1149 |       ||  1149
 Cast: Sandblast         |    36 |     5 |       |       |       |       |       |       |       ||    41
       Passwall          |     2 |       |       |       |       |       |       |       |       ||     2
       Stone Arrow       |       |    62 |    40 |   220 |   579 |   291 |       |       |       ||  1192
       Slow              |       |     4 |       |       |       |       |       |       |       ||     4
       Searing Ray       |       |     5 |    12 |     9 |    10 |       |       |       |       ||    36
       Scorch            |       |       |    65 |    12 |     4 |       |       |       |       ||    81
       Petrify           |       |       |    11 |    56 |    79 |    16 |       |       |       ||   162
       Manifold Assault  |       |       |       |    29 |    32 |   334 |   456 |   515 |   120 ||  1486
       Alistair's Intoxi |       |       |       |       |    18 |    43 |    18 |     4 |     1 ||    84
       Dispersal         |       |       |       |       |     2 |       |     4 |       |       ||     6
       Summon Cactus Gia |       |       |       |       |       |    36 |    46 |     7 |    10 ||    99
       Conjure Ball Ligh |       |       |       |       |       |       |    78 |    45 |    33 ||   156
       Monstrous Menager |       |       |       |       |       |       |     4 |     3 |     9 ||    16
       Ignition          |       |       |       |       |       |       |       |    48 |   203 ||   251
       Polar Vortex      |       |       |       |       |       |       |       |       |    52 ||    52
       Chain Lightning   |       |       |       |       |       |       |       |       |    14 ||    14
Invok: Call Merchant     |       |       |       |     1 |     3 |     1 |     3 |     1 |     3 ||    12
       Potion Petition   |       |       |       |       |       |       |     1 |       |     1 ||     2
       Bribe Branch      |       |       |       |       |       |       |       |       |     2 ||     2
 Abil: Evoke Blink       |       |       |       |       |       |     2 |     1 |       |       ||     3
Evoke: Wand              |       |       |     3 |     2 |    12 |    15 |    19 |     2 |     5 ||    58
       Phial of floods   |       |       |       |     1 |     2 |     3 |     1 |       |     1 ||     8
       Condenser vane    |       |       |       |       |     3 |     5 |     2 |       |     2 ||    12
       Phantom mirror    |       |       |       |       |     1 |     2 |     2 |       |     4 ||     9
       Box of beasts     |       |       |       |       |       |       |       |       |     3 ||     3
  Use: Potion            |       |     2 |       |     5 |     1 |    10 |    13 |       |    38 ||    69
       Scroll            |       |     1 |    13 |    12 |     8 |    15 |    10 |     6 |    14 ||    79
 Stab: Petrified         |       |       |    11 |    11 |    61 |    25 |       |       |       ||   108
       Petrifying        |       |       |       |     7 |     3 |     3 |       |       |       ||    13
       Confused          |       |       |       |       |     5 |     4 |     2 |       |     1 ||    12
       Distracted        |       |       |       |       |     2 |     4 |    12 |    10 |    22 ||    50
       Sleeping          |       |       |       |       |     1 |     2 |     5 |     3 |    11 ||    22
       Paralysed         |       |       |       |       |       |       |     5 |     2 |     2 ||     9
       Invisible         |       |       |       |       |       |       |       |       |     2 ||     2
Armor: Robe              |     1 |       |     6 |    52 |     6 |       |       |       |       ||    65
       Leather armour    |       |     8 |     2 |       |       |       |       |       |       ||    10
       Ring mail         |       |       |       |       |   164 |   241 |   159 |    57 |   102 ||   723
Dodge: Dodged            |    10 |    19 |    35 |   151 |   347 |   276 |   213 |   148 |   324 ||  1523
Block: Buckler           |       |       |       |       |    49 |   470 |   215 |       |       ||   734
       Reflection        |       |       |       |       |     2 |    32 |    14 |    60 |    43 ||   151
       Tower shield      |       |       |       |       |       |       |   257 |   633 |  1038 ||  1928

Levels and vault maps discovered:
D:1:      amcnicky_arrival_gap_in_the_tavern_cellar, layout_basic,
          due_unseen_surprise
D:2:      layout_basic
D:3:      layout_basic, mainiacjoe_overflow_brackets,
          cheibrodos_sewer_entry_sluice, serial_undead, serial_undead_d,
          serial_undead_c, serial_undead_d, serial_undead_f, uniq_terence
D:4:      layout_loops_corners
D:5:      layout_basic, minmay_overflow_temple_star_quad,
          grunt_temple_overflow_open, minmay_temple_entry_butterflies,
          nicolae_concentric_dashed_squares_wild
D:6:      layout_loops_ring
D:7:      layout_rooms, enter_bailey_5, serial_shops, kennysheep_little_box,
          nicolae_shop_trees, nicolae_shop_behind_doors,
          nicolae_shop_bloodbath_and_beyond, hangedman_decor_peaks_small
D:8:      layout_cave_pools, gammafunk_ghost_hydra_chop, serial_shops, shop,
          uniq_psyche
D:9:      layout_irregular_city, lightli_temple_of_fire,
          grunt_lair_entry_orc_guard_hut, david_orc_3, serial_rivers,
          chequers_serial_rivers_room_b, chequers_serial_rivers_large_a,
          chequers_serial_rivers_small_a, chequers_serial_rivers_micro_b,
          chequers_serial_rivers_marsh, nicolae_elemental_shop, uniq_pikel
D:10:     kennysheep_ambush_hall, layout_basic, chequers_avenue, st_stairs_11
D:11:     layout_basic, portal_ice_cave_rime, gammafunk_ghost_grave
D:12:     nzn_winding_woodlands_medium [nzn_winding_woodlands_5x5_perimeter,
          nzn_winding_woodlands_5x15_zeroes, nzn_winding_woodlands_hourglass,
          nzn_winding_woodlands_5x5_three,
          nzn_winding_woodlands_center_triple_pond,
          nzn_winding_woodlands_5x5_closed_star,
          nzn_winding_woodlands_5x5_default,
          nzn_winding_woodlands_5x15_sawtooth,
          nzn_winding_woodlands_5x5_open_star], layout_basic,
          minmay_the_grid_2x2 [minmay_the_grid_dragon_b,
          minmay_the_grid_outer_circle, minmay_the_grid_empty,
          minmay_the_grid_prize_trominoes], uniq_nessos
D:13:     layout_roguey, erik_vaults_1, ashenzari_altar_1, uniq_frances,
          uniq_kirke
D:14:     minmay_triangles_in_corner, layout_loops_ring, special_room
          [special_room_orc], reono_crystal_passage,
          hangedman_abyss_or_decor_lesser_grid
D:15:     grunt_enter_depths_snipers, layout_grid_maze,
          nicolae_elyvilon_temple_path
Temple:   nicolae_temple_superstar
Lair:1:   layout_roguey, beast_lair_carwin_3, lemuel_fruit_tree,
          grunt_megastairs_4, uniq_amaemon
Lair:2:   layout_loops_ring, swamp_mist, hellmonk_spider_entry_life_and_decay,
          infiniplex_staircase_pool
Lair:3:   layout_hall_layers, beast_lair_carwin_4, uniq_snorg, uniq_josephine
Lair:4:   layout_gridlike, slime_entry_1, kennysheep_snail_temple,
          grunt_megastairs_1
Lair:5:   evilmike_catoblepas_cave, layout_cave_pods
Swamp:1:  layout_basic_swamp, evilmike_swamp_ruin_rubble_2, swamp_pool2,
          nicolae_swamp_super_fun_site
Swamp:2:  layout_basic_swamp, serial_swamp_ruin, evilmike_swamp_ruin_house_1,
          evilmike_swamp_ruin_house_2, hangedman_swamp_dais, uniq_aizul,
          uniq_nikola
Swamp:3:  layout_basic_swamp, evilmike_swamp_ruin_house_3,
          infiniplex_staircase_pool_2, uniq_jorgrun
Swamp:4:  swamp, layout_basic_swamp, swamp_pool2
Spider:1: layout_spider_delve, gammafunk_ghost_split
Spider:2: layout_spider_delve, nicolae_spider_some_kinda_spiderbox,
          uniq_mlioglotl
Spider:3: layout_spider_delve, nicolae_spider_swamp_cousins
Spider:4: floodkiller_spider_rune_tomb, hellmonk_test_site, uniq_roxanne
Slime:1:  layout_caves
Slime:2:  layout_caves, nicolae_slime_welcoming_committee
Slime:3:  layout_caves
Slime:4:  layout_caves
Slime:5
Orc:1:    layout_caves
Orc:2:    st_orc_elflike, layout_diamond_mine, basic_altar, lemuel_statue_altar,
          nicolae_shop_self_help
Elf:1:    elf_arrival_001, layout_rooms, serial_shops, shop, basic_altar,
          orc_legates, grunt_megastairs_2
Elf:2:    elven_hall_of_blades_hangedman_original [mumra_blade_entry_bloodbath],
          layout_loops_cross, serial_shops, nicolae_shop_stone
Elf:3:    minmay_elf_hall_circle, layout_gridlike, gammafunk_ghost_cemetery,
          uniq_louise
Vaults:1: mu_enter_wizlab_3, v_misc_30, nicolae_vaults_angled_halls,
          ontoclasm_vaults_idyll, v_alt_pattern_4, ontoclasm_vaults_hangar,
          serial_ice_b, layout_vaults_quadrants, serial_shops,
          nicolae_shop_competitors_out_of_business
Vaults:2: v_alt_pattern_1, nicolae_vaults_network_square, serial_ice_g,
          vaults_room_boxed, v_misc_30, v_misc_24, hangedman_vaults_restitches,
          minmay_crypt_entry_simple_round, grunt_vaults_swirl, v_misc_28,
          grunt_vaults_hallway_short, nicolae_vaults_little_squares_6,
          nicolae_vaults_diagonal_hallway_6, door_vault,
          vaults_room_ringed_pool, nicolae_vaults_diagonal_hallway_6,
          layout_vaults_ring, serial_shops, nicolae_shop_crystal
Vaults:3: v_misc_18, nicolae_vaults_meeting, vaults_room_grid,
          ontoclasm_vaults_chip, v_misc_17, v_misc_26,
          hangedman_vaults_variations, nicolae_vaults_alarming,
          nicolae_vaults_specimen_jars, nicolae_vaults_asterisk,
          grunt_vaults_diagonal, layout_vaults_big_room
Vaults:4: ontoclasm_vaults_misaligned, vaults_room_grid,
          ontoclasm_vaults_ring_square, hangedman_vaults_stitches, v_rooms_1,
          hangedman_vaults_nails, vaults_standard_mumra_x, kb_rosetta,
          vaults_dpeg_cross, serial_ice_m, vaults_mumra_minichess, v_pattern_1,
          ontoclasm_vaults_shuriken, layout_vaults_big_cross
Vaults:5
Crypt:1:  layout_catacombs, uniq_josephina
Crypt:2:  layout_misc_corridors, pandoras_box_mu, uniq_donald
Crypt:3:  grunt_crypt_end_deaths_head, uniq_grunn
Depths:1: layout_gridville, enter_ziggurat_a, hell_entry,
          nicolae_qazlal_general_emergency, nicolae_triple_integral
Depths:2: hangedman_cross_veins, layout_cave_shapes,
          chequers_serial_rivers_small_b, hangedman_tar_grid_catacomb,
          pan_entry, minmay_large_rounded_square,
          infiniplex_staircase_hallway_doors
Depths:3: minmay_fractal_lines_corner, layout_cave_pools, abyss_entry,
          pf_coc_iceberg
Depths:4: evilmike_zot_entry_basic, layout_cave_pools,
          nicolae_gozag_seed_capital, grunt_hell_entry_demonic_statue,
          serial_bayou_shore_a, serial_bayou_shore_b
Zot:1:    layout_concentric_octagons, st_small_dragon_hoard_5
Zot:2:    layout_gridlike, grunt_ministairs_10, bh_zot_levy_curve
Zot:3:    nicolae_zot_stationary_front, layout_gridlike, st_stairs_14,
          zot_minivault_1, lemuel_elevator
Zot:4:    layout_onion
Zot:5:    layout_basic, skrybe_zot_glass_1

Notes
Turn   | Place    | Note
-------+----------+-------------------------------------------
     0 | D:1      | MackTheKnife the Djinni Earth Elementalist began the quest
                  | for the Orb.
     0 | D:1      | MackTheKnife set off with the following spells memorised:
                  | Sandblast, Passwall, Stone Arrow, Petrify.
     0 | D:1      | Reached XP level 1. HP: 15/15 MP: 0/0
     0 | D:1      | magus.rc [v1.9.6]
   164 | D:1      | Reached XP level 2. HP: 18/21 MP: 0/0
   343 | D:1      | Reached skill level 3 in Spellcasting
   787 | D:1      | Reached XP level 3. HP: 22/25 MP: 0/0
   787 | D:1      | Learned a level 1 spell: Slow
  1097 | D:2      | Reached XP level 4. HP: 30/31 MP: 0/0
  1819 | D:3      | Reached skill level 4 in Spellcasting
  1867 | D:3      | Found a glowing drain.
  1941 | Sewer    | Entered a sewer
  2054 | Sewer    | Reached XP level 5. HP: 27/36 MP: 0/0
  2054 | Sewer    | Learned a level 2 spell: Searing Ray
  2136 | Sewer    | Reached skill level 1 in Fighting
  2246 | Sewer    | Reached skill level 2 in Fighting
  2279 | Sewer    | Found a viscous altar of Jiyva.
  2288 | Sewer    | Reached XP level 6. HP: 35/43 MP: 0/0
  2507 | D:3      | Noticed Terence
  2511 | D:3      | Killed Terence
  2537 | D:3      | Identified the +1 quarterstaff "Wenwahue" {freeze, Str+3}
  2981 | D:3      | Reached skill level 5 in Spellcasting
  3165 | D:3      | Found a bloodstained altar of Trog.
  3485 | D:4      | Reached XP level 7. HP: 49/49 MP: 0/0
  3485 | D:4      | Learned a level 2 spell: Scorch
  3760 | D:4      | Noticed a steam dragon
  3765 | D:4      | Killed a steam dragon
  4029 | D:4      | Reached skill level 6 in Spellcasting
  4326 | D:4      | Identified the +1 robe of Privacy {Will++ Regen+}
  4408 | D:5      | Entered Level 5 of the Dungeon
  4408 | D:5      | Noticed a water moccasin
  4482 | D:5      | Reached skill level 3 in Fighting
  4482 | D:5      | Reached skill level 3 in Dodging
  4482 | D:5      | Reached XP level 8. HP: 55/56 MP: 0/0
  4852 | D:5      | Reached skill level 4 in Dodging
  4954 | D:5      | Reached skill level 4 in Fighting
  5164 | D:5      | Found a staircase to the Ecumenical Temple.
  5192 | D:5      | Found an iron altar of Okawaru.
  5192 | D:5      | Found a blossoming altar of Fedhas.
  5295 | D:5      | Found a shadowy altar of Dithmenos.
  5314 | Temple   | Entered the Ecumenical Temple
  5405 | Temple   | Became a worshipper of Gozag Ym Sagoz the Greedy
  5468 | D:5      | Found a glowing golden altar of the Shining One.
  5485 | D:5      | Found a snail-covered altar of Cheibriados.
  5488 | D:5      | Found a glowing silver altar of Zin.
  5890 | D:6      | Noticed a yak
  5890 | D:6      | Noticed a yak
  5890 | D:6      | Noticed a yak
  5890 | D:6      | Noticed a yak
  5892 | D:6      | Noticed a yak
  5893 | D:6      | Noticed a yak
  6117 | D:6      | Reached skill level 5 in Dodging
  6161 | D:6      | Reached skill level 5 in Fighting
  6403 | D:6      | Killed a yak
  6404 | D:6      | Reached XP level 9. HP: 51/65 MP: 0/0
  6404 | D:6      | Learned a level 3 spell: Portal Projectile
  6410 | D:6      | Reached skill level 6 in Fighting
  6411 | D:6      | Reached skill level 7 in Spellcasting
  6608 | D:7      | Reached skill level 7 in Fighting
  6614 | D:7      | Found a flagged portal.
  6655 | D:7      | Identified the +0 robe of Nagg {Str+3}
  6723 | Bailey   | Entered a bailey
  6952 | Bailey   | Noticed an orc knight
  6989 | Bailey   | Killed an orc knight
  6990 | Bailey   | Reached skill level 8 in Fighting
  6990 | Bailey   | Reached skill level 8 in Spellcasting
  6990 | Bailey   | Reached XP level 10. HP: 34/76 MP: 0/0
  7284 | D:7      | Found Juin's Weapon Boutique.
  7376 | D:7      | Found Sixzam's Armour Emporium.
  7409 | D:7      | Found Unenuibi's Distillery.
  7412 | D:7      | Bought a potion of heal wounds for 50 gold pieces
  7508 | D:7      | Bought a potion of degeneration for 10 gold pieces
  7670 | D:7      | Found Moimum's Magic Scroll Shoppe.
  7793 | D:7      | Bought a +3 long sword of electrocution for 359 gold pieces
  7809 | D:8      | Noticed a two-headed ogre
  7813 | D:8      | Reached skill level 1 in Long Blades
  7855 | D:8      | Reached skill level 2 in Long Blades
  7926 | D:8      | Noticed a nine-headed hydra
  7940 | D:8      | Killed a two-headed ogre
  7941 | D:8      | Reached skill level 4 in Long Blades
  8014 | D:8      | Found a runed translucent gate.
  8014 | D:8      | Found a runed translucent gate.
  8014 | D:8      | Found a runed translucent gate.
  8015 | D:8      | Noticed a nine-headed hydra
  8021 | D:8      | Noticed Xtruder99's ghost (novice GnFi)
  8062 | D:8      | Noticed Psyche
  8071 | D:8      | Killed Psyche
  8236 | D:8      | Reached skill level 1 in Evocations
  8246 | D:8      | Found Fopt's Jewellery Shop.
  8554 | D:9      | Found Oroepn's Elemental Accessories.
  8610 | D:9      | Reached skill level 2 in Evocations
  8643 | D:9      | Reached XP level 11. HP: 78/82 MP: 0/0
  8643 | D:9      | Learned a level 4 spell: Manifold Assault
  8676 | D:9      | Found a staircase to the Lair.
  8682 | D:9      | Reached skill level 3 in Evocations
  8737 | D:9      | Reached skill level 4 in Evocations
  8945 | D:9      | Found a staircase to the Orcish Mines.
  9001 | D:9      | Reached skill level 5 in Evocations
  9074 | D:9      | Noticed a two-headed ogre
  9103 | D:9      | Killed a two-headed ogre
  9104 | D:9      | Reached skill level 6 in Evocations
  9286 | D:9      | Reached skill level 7 in Evocations
  9402 | D:9      | Found a burning altar of Makhleb.
  9431 | D:9      | Noticed Pikel
  9555 | D:9      | Killed Pikel
  9556 | D:9      | Reached skill level 9 in Fighting
  9590 | D:10     | Entered Level 10 of the Dungeon
  9736 | D:10     | Noticed a two-headed ogre
  9906 | D:10     | Noticed a two-headed ogre
  9916 | D:10     | Killed a two-headed ogre
  9917 | D:10     | Reached skill level 6 in Dodging
  9928 | D:10     | Killed a two-headed ogre
  9931 | D:10     | Reached skill level 7 in Dodging
 10233 | D:10     | Noticed a two-headed ogre
 10249 | D:10     | HP: 21/84 [something (8)]
 10375 | D:10     | Reached XP level 12. HP: 82/89 MP: 0/0
 10435 | D:10     | Noticed a two-headed ogre
 10445 | D:10     | Killed a two-headed ogre
 10446 | D:10     | Reached skill level 8 in Dodging
 10511 | D:10     | Killed a two-headed ogre
 10512 | D:10     | Reached skill level 9 in Dodging
 10902 | D:10     | Bought a scroll labelled UJUCLO ZUFEOSE for 25 gold pieces
 10902 | D:10     | Bought a runed cloak for 187 gold pieces
 10954 | Lair:1   | Entered Level 1 of the Lair of Beasts
 10962 | Lair:1   | Reached skill level 10 in Dodging
 11155 | Lair:1   | Reached skill level 11 in Dodging
 11425 | Lair:1   | Reached skill level 12 in Dodging
 11608 | Lair:1   | Noticed Amaemon
 11623 | Lair:1   | Killed Amaemon
 12058 | Lair:2   | Reached XP level 13. HP: 90/94 MP: 0/0
 12058 | Lair:2   | Learned a level 5 spell: Alistair's Intoxication
 12196 | Lair:2   | Found a staircase to the Swamp.
 12256 | Lair:2   | Reached skill level 9 in Spellcasting
 12893 | Lair:2   | Found a hole to the Spider Nest.
 12949 | Lair:2   | Reached skill level 10 in Spellcasting
 13475 | Lair:3   | Noticed Snorg
 13491 | Lair:3   | Killed Snorg
 13536 | Lair:3   | Noticed Josephine
 13547 | Lair:3   | Killed Josephine
 13913 | Lair:3   | Reached skill level 11 in Spellcasting
 14134 | Lair:3   | Bought a shiny helmet for 232 gold pieces
 14162 | Lair:3   | Bought a brightly glowing ring mail for 279 gold pieces
 14162 | Lair:3   | Identified the +5 ring mail of Benevolence {Fly Stlth+}
                  | (You bought it in a shop on level 3 of the Lair of Beasts)
 14176 | Lair:4   | Found a staircase to the Slime Pits.
 14176 | Lair:4   | Found a viscous altar of Jiyva.
 14187 | Lair:4   | Reached skill level 5 in Long Blades
 14346 | Lair:4   | Reached skill level 1 in Armour
 14583 | Lair:4   | Noticed a catoblepas
 14590 | Lair:4   | Killed a catoblepas
 14670 | Lair:4   | Reached skill level 2 in Armour
 14917 | Lair:4   | Reached skill level 6 in Long Blades
 15064 | Lair:4   | Found a snail-covered altar of Cheibriados.
 15112 | Lair:4   | Reached skill level 3 in Armour
 15425 | Lair:4   | Reached XP level 14. HP: 52/101 MP: 0/0
 15606 | Lair:5   | Entered Level 5 of the Lair of Beasts
 15633 | Lair:5   | Reached skill level 4 in Armour
 15966 | Lair:4   | Reached skill level 7 in Long Blades
 16086 | Lair:5   | Reached skill level 5 in Armour
 16665 | Lair:5   | Reached skill level 6 in Armour
 16817 | Lair:5   | Reached skill level 8 in Long Blades
 17594 | Lair:5   | Reached skill level 7 in Armour
 17774 | Lair:5   | Reached skill level 9 in Long Blades
 18801 | Orc:1    | Entered Level 1 of the Orcish Mines
 19308 | D:9      | Reached XP level 15. HP: 81/107 MP: 0/0
 19308 | D:9      | Learned a level 6 spell: Dispersal
 19633 | Orc:2    | Entered Level 2 of the Orcish Mines
 19662 | Orc:2    | Reached skill level 10 in Fighting
 19796 | Orc:2    | Found a bloodstained altar of Trog.
 20879 | Orc:2    | Found a burning altar of Makhleb.
 20986 | Orc:2    | Reached skill level 10 in Long Blades
 21373 | Orc:2    | Found Xypa's Self-Improvement Boutique.
 21380 | Orc:2    | Found a staircase to the Elven Halls.
 21624 | Orc:2    | Paralysed by an orc sorcerer for 2 turns
 21638 | Orc:2    | Reached skill level 11 in Fighting
 22447 | Orc:2    | Found Ismaeb's Book Shoppe.
 22447 | Orc:2    | Found Buseram's Distillery.
 22449 | Orc:2    | Found Ekhej's General Store.
 22449 | Orc:2    | Found Voilehei's Weapon Shop.
 22475 | Orc:2    | Bought a potion of heal wounds for 65 gold pieces
 22564 | Orc:2    | Bought the amulet of the Duchess {Reflect Regen+ Str+3
                  | Int+4 SH+5} for 723 gold pieces
 22865 | D:11     | Found a frozen archway.
 22887 | IceCv    | Entered an ice cave
 22920 | IceCv    | Found a transporter.
 22960 | IceCv    | Found a transporter.
 22983 | IceCv    | Reached skill level 1 in Shields
 23235 | D:11     | Found a runed translucent door.
 23243 | D:11     | Noticed heinrich's ghost (journeyman DsGl)
 23428 | D:11     | Reached skill level 2 in Shields
 24001 | D:12     | Reached skill level 3 in Shields
 24244 | D:12     | Reached skill level 4 in Shields
 24326 | D:12     | Reached skill level 5 in Shields
 24586 | D:12     | Reached skill level 6 in Shields
 24759 | D:12     | Reached XP level 16. HP: 70/117 MP: 0/0
 24940 | D:12     | Reached skill level 7 in Shields
 25291 | D:12     | Noticed Nessos
 25303 | D:12     | Killed Nessos
 25805 | Orc:2    | Bought the ring of Rifofol {+Blink AC+4 Str-3 Slay+6} for
                  | 964 gold pieces
 25969 | D:13     | Found a broken altar of Ashenzari.
 26062 | D:13     | Found a gate to the Vaults.
 26354 | D:13     | Noticed Frances
 26555 | D:13     | Noticed Kirke
 26582 | D:13     | Killed Kirke
 26951 | D:14     | Reached skill level 11 in Long Blades
 27707 | D:14     | Reached skill level 12 in Long Blades
 28030 | D:14     | Found the +3 greatsling "Punk" {acid, rCorr}
 28151 | D:15     | Entered Level 15 of the Dungeon
 28465 | D:15     | Found a white marble altar of Elyvilon.
 29469 | Swamp:1  | Entered Level 1 of the Swamp
 29503 | Swamp:1  | Reached skill level 12 in Fighting
 29560 | Swamp:1  | Reached XP level 17. HP: 115/123 MP: 0/0
 29560 | Swamp:1  | Learned a level 6 spell: Summon Cactus Giant
 29617 | Swamp:1  | HP: 27/123 [swamp worm/harpoon shot (14)]
 29628 | Swamp:1  | Reached skill level 12 in Spellcasting
 29840 | Spider:1 | Entered Level 1 of the Spider Nest
 30032 | Spider:1 | Found a runed translucent gate.
 30041 | Spider:1 | Found a runed translucent gate.
 30042 | Spider:1 | Found a runed translucent gate.
 30069 | Spider:1 | Noticed DEFE's ghost (journeyman DsHs)
 30466 | Spider:1 | Killed DEFE's ghost
 30538 | Spider:1 | Identified the ring "Zial" {Will+ rCorr Str-2 Int+8}
 30660 | Spider:2 | Reached skill level 13 in Spellcasting
 31049 | Spider:2 | Noticed Mlioglotl
 31833 | Spider:3 | Reached skill level 14 in Spellcasting
 32014 | Spider:3 | Reached XP level 18. HP: 95/130 MP: 0/0
 32907 | Spider:3 | Reached skill level 15 in Spellcasting
 33080 | Spider:3 | Reached skill level 13 in Long Blades
 33619 | Elf:1    | Entered Level 1 of the Elven Halls
 33628 | Elf:1    | magus.rc [v1.9.6]
 33888 | Elf:1    | Paralysed by an air elemental for 1 turns
 34164 | Elf:1    | You are sucked into a shaft and drop 1 floor!
 34169 | Elf:2    | Found a runed translucent gate.
 34169 | Elf:2    | Found a runed translucent gate.
 34169 | Elf:2    | Found a runed translucent gate.
 34179 | Elf:2    | Reached skill level 14 in Long Blades
 34657 | Elf:1    | Found Rasmas's Magic Scroll Shop.
 34665 | Elf:1    | Bought a scroll of acquirement for 1040 gold pieces
 34665 | Elf:1    | Acquired a +3 demon blade of draining
 34826 | Elf:1    | Reached skill level 13 in Dodging
 34963 | Elf:1    | Identified the +2 dagger "Viugruil" {venom, rElec Dex+6}
 35153 | Elf:1    | Found a runed translucent gate.
 35153 | Elf:1    | Found a runed translucent gate.
 35153 | Elf:1    | Found a runed translucent gate.
 35153 | Elf:1    | Found a runed translucent gate.
 35153 | Elf:1    | Found a runed translucent gate.
 35154 | Elf:1    | Found a runed translucent gate.
 35258 | Elf:2    | Reached XP level 19. HP: 63/137 MP: 0/0
 35258 | Elf:2    | Learned a level 6 spell: Conjure Ball Lightning
 35349 | Elf:2    | Found Gotzagon's Book Emporium.
 35493 | Elf:2    | Reached skill level 13 in Fighting
 35502 | Elf:2    | Reached skill level 14 in Dodging
 36528 | Spider:4 | Entered Level 4 of the Spider Nest
 36528 | Spider:4 | Identified Roxanne's Spellbook of the Lithosphere
 36528 | Spider:4 | Noticed Roxanne
 36622 | Spider:3 | HP: 34/138 [radroach (22)]
 36624 | Spider:3 | HP: 4/138 [radroach (31)]
 36647 | Spider:3 | Gained mutation: You have a pair of small horns on your
                  | head. [mutagenic glow]
 36734 | Spider:3 | Lost mutation: You have a pair of small horns on your head.
                  | [potion of mutation]
 36734 | Spider:3 | Gained mutation: Your muscles are strong. (Str +4, Int/Dex
                  | -1) [potion of mutation]
 36734 | Spider:3 | Gained mutation: You have a pair of small horns on your
                  | head. [potion of mutation]
 36744 | Spider:3 | Lost mutation: Your muscles are strong. (Str +4, Int/Dex
                  | -1) [potion of mutation]
 36744 | Spider:3 | Lost mutation: You have a pair of small horns on your head.
                  | [potion of mutation]
 36744 | Spider:3 | Gained mutation: You expend health (3 HP) to strengthen
                  | your wands. [potion of mutation]
 36744 | Spider:3 | Gained mutation: Armour fits poorly on your strangely
                  | shaped body. [potion of mutation]
 36744 | Spider:3 | Gained mutation: You are partially covered in iridescent
                  | scales. (AC +2) [potion of mutation]
 36756 | Spider:3 | magus.rc [v1.9.6]
 36765 | Spider:4 | HP: 19/138 [spore (23)]
 37172 | Spider:4 | Reached skill level 8 in Armour
 37706 | Spider:4 | Reached skill level 14 in Fighting
 37941 | Spider:4 | magus.rc [v1.9.6]
 37941 | Spider:4 | magus.rc [v1.9.6]
 38191 | Spider:4 | magus.rc [v1.9.6]
 38636 | Spider:4 | Got a gossamer rune of Zot
 39179 | Elf:3    | Entered Level 3 of the Elven Halls
 39243 | Elf:3    | Found a runed translucent gate.
 39243 | Elf:3    | Found a runed translucent gate.
 39243 | Elf:3    | Found a runed translucent gate.
 39244 | Elf:3    | Noticed Qax Ubo's ghost (adept DsEn)
 39244 | Elf:3    | Noticed Qax Ubo's ghost (adept DsEn)
 39270 | Elf:3    | Reached skill level 2 in Stealth
 39433 | Elf:3    | Reached skill level 3 in Stealth
 39740 | Elf:3    | Identified the +3 tower shield of the Resonant God {rN+
                  | Str+5 Dex+2}
 39740 | Elf:3    | Noticed Louise
 39776 | Elf:3    | Killed Louise
 39789 | Elf:3    | G - a +1 eveningstar of draining {macerare=g}
 39971 | Elf:3    | Reached skill level 4 in Stealth
 39971 | Elf:3    | Reached XP level 20. HP: 135/148 MP: 0/0
 39980 | Elf:3    | Reached skill level 8 in Shields
 40052 | Elf:3    | Noticed a Brimstone Fiend
 40054 | Elf:3    | Reached skill level 9 in Shields
 40182 | Elf:3    | Noticed a Brimstone Fiend
 40238 | Elf:3    | Reached skill level 10 in Shields
 40240 | Elf:3    | You are cast into the Abyss!
 40240 | Abyss:3  | Cast into level 3 of the Abyss (a deep elf demonologist)
 40272 | Abyss:3  | Found a corrupted altar of Lugonu.
 40281 | Abyss:3  | Found a corrupted altar of Lugonu.
 40281 | Abyss:3  | Found a corrupted altar of Lugonu.
 40395 | Abyss:3  | Reached skill level 5 in Stealth
 40826 | Abyss:3  | Reached skill level 6 in Stealth
 40909 | Elf:3    | You pass through the gate.
 40909 | Elf:3    | Escaped the Abyss
 40917 | Elf:3    | Reached skill level 7 in Stealth
 41124 | Elf:3    | Identified the +9 flail "Cililarph" {drain, rElec}
 41137 | Elf:3    | Reached skill level 8 in Stealth
 41141 | Elf:3    | Noticed an Ice Fiend
 41313 | Elf:3    | Reached skill level 11 in Shields
 41315 | Elf:3    | Identified the +10 quarterstaff of Animal Spirits {flame,
                  | rElec}
 41318 | Elf:3    | Identified the +1 ring mail of Forking Paths {Harm Fly
                  | rCorr Int+4}
 41333 | Elf:3    | You drop a +1 eveningstar of draining {macerare=g}.
 41387 | Elf:3    | Identified the +0 dagger "Ohati" {pain, rPois rF++}
 41394 | Elf:3    | Identified the +1 longbow "Ihooq" {drain, Will+ MP+9 SInv}
 41700 | Lair:2   | Bought a distressingly furry scale mail for 351 gold pieces
 41700 | Lair:2   | Identified the +6 scale mail "Feacsuid" {SInv} (You bought
                  | it in a shop on level 2 of the Lair of Beasts)
 41745 | Lair:3   | Bought a dazzling scale mail for 279 gold pieces
 41745 | Lair:3   | Identified the +1 scale mail of the Blind Marksman
                  | {Rampage} (You bought it in a shop on level 3 of the Lair
                  | of Beasts)
 41840 | D:9      | Bought a +4 ring mail of cold resistance for 527 gold
                  | pieces
 42684 | Swamp:2  | Reached XP level 21. HP: 128/153 MP: 0/0
 42684 | Swamp:2  | Learned a level 7 spell: Monstrous Menagerie
 42696 | Swamp:2  | Noticed Aizul
 42705 | Swamp:2  | Reached skill level 12 in Shields
 42708 | Swamp:2  | Killed Aizul
 42880 | Swamp:2  | Noticed Nikola
 42895 | Swamp:2  | Killed Nikola
 43363 | Swamp:2  | Reached skill level 13 in Shields
 43456 | Swamp:2  | Identified the +8 shortbow of Uncertain Death {freeze,
                  | Str+4 Stlth+}
 43787 | Swamp:2  | magus.rc [v1.9.6]
 43793 | Swamp:3  | Noticed Jorgrun
 44004 | Swamp:3  | Killed Jorgrun
 44284 | Swamp:3  | Reached skill level 14 in Shields
 44578 | Swamp:4  | Entered Level 4 of the Swamp
 44597 | Swamp:4  | Identified the ring "Xotup Qoge" {Wiz rC+}
 44752 | Swamp:4  | Identified the +1 leather armour of Odghyahoe {Harm Will+
                  | rCorr Dex-4}
 44957 | Swamp:4  | Reached skill level 15 in Shields
 45416 | Swamp:4  | Got a decaying rune of Zot
 45673 | D:9      | Bought a potion of heal wounds for 90 gold pieces
 45772 | Vaults:1 | Entered Level 1 of the Vaults
 45959 | Vaults:1 | Found a magical portal.
 45968 | WizLab   | Entered Zonguldrok's Shrine
 46056 | WizLab   | Reached skill level 16 in Shields
 46385 | WizLab   | Noticed an antique lich
 46390 | WizLab   | Killed an antique lich
 46391 | WizLab   | Reached XP level 22. HP: 156/159 MP: 0/0
 46528 | WizLab   | Found the +9 sword of Zonguldrok {reap}
 46711 | Vaults:1 | Found Keocet's Assorted Antiques.
 46719 | Vaults:1 | Bought a potion of heal wounds for 120 gold pieces
 47150 | Vaults:1 | Reached skill level 17 in Shields
 47943 | Vaults:2 | Found Kitsit's General Store.
 47952 | Vaults:2 | Bought a scroll of teleportation for 57 gold pieces
 47978 | Vaults:2 | Reached skill level 18 in Shields
 48387 | Vaults:2 | Found a staircase to the Crypt.
 48637 | Vaults:2 | Found a huge runed gate.
 48637 | Vaults:2 | Found a huge runed gate.
 48637 | Vaults:2 | Found a huge runed gate.
 48639 | Vaults:2 | Found a huge runed gate.
 48640 | Vaults:2 | Found a huge runed gate.
 48641 | Vaults:2 | Found a huge runed gate.
 48641 | Vaults:2 | Found a huge runed gate.
 48641 | Vaults:2 | Found a huge runed gate.
 48641 | Vaults:2 | Found a huge runed gate.
 48642 | Vaults:2 | Found a huge runed gate.
 48650 | Vaults:2 | Found a huge runed gate.
 48650 | Vaults:2 | Found a huge runed gate.
 48650 | Vaults:2 | Found a huge runed gate.
 48650 | Vaults:2 | Found a huge runed gate.
 48650 | Vaults:2 | Found a huge runed gate.
 48650 | Vaults:2 | Found a huge runed gate.
 48651 | Vaults:2 | Found a huge runed gate.
 48652 | Vaults:2 | Found a huge runed gate.
 48653 | Vaults:2 | Found a huge runed gate.
 48664 | Vaults:2 | Found a huge runed gate.
 48664 | Vaults:2 | Found a huge runed gate.
 48664 | Vaults:2 | Found a huge runed gate.
 48664 | Vaults:2 | Found a huge runed gate.
 48664 | Vaults:2 | Found a huge runed gate.
 48664 | Vaults:2 | Found a huge runed gate.
 48665 | Vaults:2 | Found a huge runed gate.
 48666 | Vaults:2 | Found a huge runed gate.
 48667 | Vaults:2 | Found a huge runed gate.
 48675 | Vaults:2 | Found a huge runed gate.
 48675 | Vaults:2 | Found a huge runed gate.
 48675 | Vaults:2 | Found a huge runed gate.
 48675 | Vaults:2 | Found a huge runed gate.
 48675 | Vaults:2 | Found a huge runed gate.
 48675 | Vaults:2 | Found a huge runed gate.
 48676 | Vaults:2 | Found a huge runed gate.
 48677 | Vaults:2 | Found a huge runed gate.
 48694 | Vaults:2 | You are sucked into a shaft and drop 1 floor!
 48700 | Vaults:3 | Reached skill level 19 in Shields
 49465 | Vaults:2 | Reached XP level 23. HP: 96/165 MP: 0/0
 49465 | Vaults:2 | Learned a level 8 spell: Ignition
 49555 | Vaults:2 | Identified the +10 arbalest of Diet Blood {drain, *Slow
                  | MP+9 Str+2}
 49649 | Vaults:3 | Reached skill level 20 in Shields
 50865 | Vaults:3 | Found the +2 hat of the Bear Spirit {Spirit, *Rage Will++}
 51235 | Vaults:1 | Bought scorched pearl dragon scales for 3415 gold pieces
 51235 | Vaults:1 | Identified the +0 pearl dragon scales "Uteisael" {Rampage
                  | rN+ Int+4 Dex+2} (You bought it in a shop on level 1 of the
                  | Vaults)
 51235 | Vaults:1 | Q - the +0 pearl dragon scales "Uteisael" {Rampage rN+
                  | Int+4 Dex+2, rare=g}
 51245 | Vaults:1 | You finish putting on the +0 pearl dragon scales "Uteisael"
                  | {Rampage rN+ Int+4 Dex+2, rare=g}.
 51250 | Vaults:1 | You finish taking off the +0 pearl dragon scales "Uteisael"
                  | {Rampage rN+ Int+4 Dex+2, rare=g}.
 51256 | Vaults:1 | You drop the +0 pearl dragon scales "Uteisael" {Rampage rN+
                  | Int+4 Dex+2, rare=g}.
 51434 | Vaults:4 | Reached skill level 16 in Spellcasting
 51622 | Vaults:4 | Identified the ring "Ehaywer" {Ice rElec rN+ Str+3 Dex+2}
 53004 | Vaults:4 | Upgraded the game from 0.30-a0-458-g86641cc369 to
                  | 0.30-a0-459-g9104f0fc43
 53004 | Vaults:4 | magus.rc [v1.9.6]
 53166 | Crypt:1  | Entered Level 1 of the Crypt
 53175 | Crypt:1  | Reached skill level 17 in Spellcasting
 53257 | Crypt:1  | Reached XP level 24. HP: 112/170 MP: 0/0
 53444 | Crypt:1  | Noticed a curse skull
 54726 | Crypt:2  | Noticed a curse skull
 54729 | Crypt:2  | Noticed a curse skull
 54730 | Crypt:2  | HP: 31/172 [??? (23)]
 55039 | Vaults:1 | m - the +0 pearl dragon scales "Uteisael" {Rampage rN+
                  | Int+4 Dex+2, rare=g}
 55040 | Vaults:1 | Bought a warped ring mail for 297 gold pieces
 55040 | Vaults:1 | Identified the +4 ring mail "Repnyel" {Will- Regen+ Str+4
                  | Dex+3} (You bought it in a shop on level 1 of the Vaults)
 55308 | D:15     | Found a staircase to the Depths.
 55358 | Depths:1 | Entered Level 1 of the Depths
 55661 | Depths:1 | Found a stormy altar of Qazlal.
 55672 | Depths:1 | Found a one-way gateway to a ziggurat.
 55864 | Depths:1 | Found a gateway to Hell.
 56205 | Depths:2 | Reached skill level 18 in Spellcasting
 56207 | Depths:2 | Reached skill level 21 in Shields
 56460 | Depths:2 | Found a one-way gate leading to the halls of Pandemonium.
 56723 | Depths:2 | Noticed a golden dragon
 56842 | Depths:2 | Killed a golden dragon
 57277 | Depths:2 | Noticed a golden dragon
 57302 | Depths:2 | Killed a golden dragon
 58087 | Depths:3 | Reached XP level 25. HP: 173/177 MP: 0/0
 58087 | Depths:3 | Learned a level 9 spell: Chain Lightning
 58656 | Depths:3 | Found a one-way gate to the infinite horrors of the Abyss.
 58712 | Depths:3 | Found the dreamshard necklace {*Dream Drain}
 58724 | Depths:3 | Noticed a caustic shrike
 58857 | Depths:3 | Killed a caustic shrike
 58920 | Depths:3 | Reached skill level 19 in Spellcasting
 58923 | Depths:3 | Noticed a caustic shrike
 58934 | Depths:3 | Killed a caustic shrike
 59226 | Depths:3 | Found the +0 staff of Battle
 59533 | Depths:4 | Entered Level 4 of the Depths
 60122 | Vaults:2 | Killed a curse skull
 60164 | Crypt:1  | Killed a curse skull
 60380 | Crypt:2  | Found a runed translucent gate.
 60380 | Crypt:2  | Found a runed translucent gate.
 60380 | Crypt:2  | Found a runed translucent gate.
 60534 | Crypt:2  | Identified a potion of experience
 60558 | Crypt:2  | Noticed Donald
 60586 | Crypt:2  | Killed Donald
 61004 | Crypt:2  | HP: 44/177 [??? (27)]
 61111 | Crypt:3  | Entered Level 3 of the Crypt
 61299 | Crypt:3  | Noticed Grunn
 61303 | Crypt:3  | Killed Grunn
 61313 | Crypt:3  | HP: 35/174 [???[a doom hound] (21)]
 61437 | Crypt:3  | Reached skill level 20 in Spellcasting
 61585 | Crypt:3  | Found a basalt altar of Yredelemnul.
 61814 | Crypt:3  | Reached skill level 15 in Fighting
 61833 | Crypt:3  | Reached XP level 26. HP: 139/184 MP: 0/0
 61833 | Crypt:3  | Reached XP level 27. HP: 145/191 MP: 0/0
 61833 | Crypt:3  | Learned a level 9 spell: Polar Vortex
 61838 | Crypt:3  | Noticed a dread lich
 61844 | Crypt:3  | Killed a dread lich
 62207 | Crypt:3  | Found a staircase to the Tomb.
 62389 | Crypt:3  | Identified the +4 flail "Carainaguwk" {holy, rPois SInv}
 62407 | Crypt:3  | Identified the ring "Raihix" {Fly rC++ rN+}
 62407 | Crypt:3  | Identified the ring "Doddotin" {rPois rN+}
 62499 | Crypt:3  | Reached skill level 16 in Fighting
 62953 | Vaults:4 | magus.rc [v1.9.6]
 63035 | Vaults:5 | Entered Level 5 of the Vaults
 63061 | Vaults:5 | Identified the ring of Ufunn {Fire rElec}
 63063 | Vaults:5 | Reached skill level 21 in Spellcasting
 63063 | Vaults:5 | Identified the amulet "Ycwahe" {Spirit rElec Regen+ Int+2}
 63167 | Vaults:5 | Reached skill level 17 in Fighting
 63749 | Vaults:5 | Identified the +4 ring mail of Hide-and-Seek {Contam rPois
                  | Regen+ rCorr Str-2}
 63848 | Vaults:5 | Got a silver rune of Zot
 63866 | Vaults:5 | Identified the +3 kite shield of Freedom {rCorr}
 63872 | Vaults:5 | Identified the +10 hand axe of Yssesik {drain, Fly rC-
                  | Dex+4 SInv}
 63885 | Vaults:5 | Identified the ring "Ewaskeups" {rF+ rC- rCorr AC+4 Int+2}
 63891 | Vaults:5 | Identified the +4 chain mail of the Louse {rPois rC++ Int-4
                  | SInv}
 63901 | Vaults:5 | Identified the +1 robe "Cuplisti" {-Tele rC- Dex+8}
 64255 | Vaults:5 | Identified the +11 mace "Wiun" {flame, rF+ Will+ Int-4}
 64261 | Vaults:5 | Identified the +2 swamp dragon scales of Gozag's Envy
                  | {rPois Str+4}
 64267 | Vaults:5 | Identified the +8 shortbow of the Dozen Quests {elec, rElec
                  | rF+}
 64313 | Vaults:5 | Noticed a dread lich
 64318 | Vaults:5 | Killed a dread lich
 64416 | Vaults:5 | Found Suvyfor's Book Shop.
 65074 | Slime:1  | Entered Level 1 of the Pits of Slime
 65296 | Slime:2  | Reached skill level 18 in Fighting
 65559 | Slime:2  | You are sucked into a shaft and drop 2 floors!
 66241 | Slime:5  | Entered Level 5 of the Pits of Slime
 66266 | Slime:5  | Reached skill level 22 in Spellcasting
 66278 | Slime:5  | Noticed the Royal Jelly
 66940 | Slime:5  | Paralysed by a floating eye for 2 turns
 67130 | Slime:5  | Killed the Royal Jelly
 67160 | Slime:5  | Found the ring of the Mage {Wiz Archmagi}
 67174 | Slime:5  | Got a slimy rune of Zot
 67200 | Slime:5  | Acquired 821 gold pieces
 67225 | Slime:5  | Acquired 1056 gold pieces
 67237 | Slime:5  | Identified the amulet "Gayniump" {rElec rC+ Regen+ Str+3}
 67241 | Slime:5  | Identified the +7 sling "Xutaluel" {vorpal, rElec Will+}
 67258 | Slime:5  | Identified the +3 great sword of the Sun {freeze, Fragile
                  | Str+5 SInv Stlth+}
 67283 | Slime:5  | Gained mutation: You are frail. (-10% HP) [a shining eye]
 67937 | Depths:4 | Reached skill level 23 in Spellcasting
 67960 | Depths:4 | Found a gate to the Realm of Zot.
 68460 | Depths:4 | Found an opulent altar of Gozag.
 68723 | Zig:1    | Entered Level 1 of a ziggurat
 68845 | Zig:2    | Entered Level 2 of a ziggurat
 68909 | Zig:3    | Entered Level 3 of a ziggurat
 68988 | Zig:3    | Lost mutation: You expend health (3 HP) to strengthen your
                  | wands. [potion of mutation]
 68988 | Zig:3    | Lost mutation: Armour fits poorly on your strangely shaped
                  | body. [potion of mutation]
 68988 | Zig:3    | Gained mutation: Your natural rate of healing is unusually
                  | fast. [potion of mutation]
 68988 | Zig:3    | Gained mutation: You are covered in fur. (AC +1) [potion of
                  | mutation]
 68989 | Zig:3    | Lost mutation: Your natural rate of healing is unusually
                  | fast. [potion of mutation]
 68989 | Zig:3    | Lost mutation: You are covered in fur. (AC +1) [potion of
                  | mutation]
 68989 | Zig:3    | Lost mutation: You are partially covered in iridescent
                  | scales. (AC +2) [potion of mutation]
 68989 | Zig:3    | Gained mutation: You occasionally lose the ability to drink
                  | potions when taking damage. [potion of mutation]
 68995 | Zig:3    | Identified the +6 flail "Killer Klown's Foe" {venom, rElec
                  | Will+}
 69004 | Zig:4    | Entered Level 4 of a ziggurat
 69027 | Zig:4    | Identified the +10 rapier of the Avant Garde God {vorpal,
                  | Contam rN+++ MP-9 Str+3}
 69037 | Zig:5    | Entered Level 5 of a ziggurat
 69038 | Zig:5    | Noticed a juggernaut
 69045 | Zig:5    | Killed a juggernaut
 69084 | Zig:6    | Entered Level 6 of a ziggurat
 69172 | Zig:7    | Entered Level 7 of a ziggurat
 69227 | Zig:7    | Lost mutation: You are frail. (-10% HP) [potion of
                  | mutation]
 69227 | Zig:7    | Lost mutation: You occasionally lose the ability to drink
                  | potions when taking damage. [potion of mutation]
 69227 | Zig:7    | Gained mutation: Your body sometimes deteriorates upon
                  | taking damage. [potion of mutation]
 69227 | Zig:7    | Gained mutation: You are agile. (Dex +4, Str/Int -1)
                  | [potion of mutation]
 69227 | Zig:7    | Gained mutation: You sometimes lose your temper in combat.
                  | [potion of mutation]
 69227 | Zig:7    | Gained mutation: You have a somewhat thin skeletal
                  | structure. (Dex +2, Stealth+) [potion of mutation]
 69231 | Zig:7    | k - a +3 quick blade of venom {shortrare=g}
 69259 | Zig:8    | Entered Level 8 of a ziggurat
 69397 | Zig:8    | Identified the +9 shortbow of Causality {speed, rC- rN+
                  | Dex+4}
 69453 | Zig:9    | Entered Level 9 of a ziggurat
 69460 | Zig:9    | Found the +11 plutonium sword {Contam Stlth-}
 69461 | Zig:9    | Found the +6 Majin-Bo {vamp, MP+6 Int+6}
 69475 | Zig:9    | Acquired a manual of Long Blades
 69480 | Zig:9    | You drop a +3 quick blade of venom {shortrare=g}.
 69482 | Zig:9    | Identified the +0 pair of boots "Haeraveh" {Int+4 Dex+4}
 69488 | Zig:9    | Reached skill level 24 in Spellcasting
 69515 | Zig:10   | Entered Level 10 of a ziggurat
 69530 | Zig:10   | HP: 20/199 [purple draconian shifter/bolt of dispelling
                  | energy (34)]
 69538 | Zig:10   | HP: 31/199 [red draconian scorcher/damnation (44)]
 69547 | Zig:10   | HP: 46/199 [red draconian scorcher/damnation (27)]
 69654 | Zig:10   | Identified the amulet of Laskael {RegenMP Will+ rCorr Dex-4
                  | SInv}
 69658 | Zig:10   | Identified the amulet of Galin Feim {Faith +Blink}
 69702 | Depths:1 | Bought a potion of heal wounds for 115 gold pieces
 69706 | Depths:1 | Bought a diamond-encrusted ring mail for 414 gold pieces
 69706 | Depths:1 | Identified the +3 ring mail of Contentment {Rampage Int+5
                  | Dex-2 SInv} (You bought it in a shop on level 1 of the
                  | Depths)
 69772 | Zot:1    | Entered Level 1 of the Realm of Zot
 70524 | Zot:1    | Noticed an orb of fire
 70700 | Zot:1    | Reached skill level 19 in Fighting
 70705 | Zot:1    | You are sucked into a shaft and drop 1 floor!
 70996 | Zot:2    | Noticed an orb of fire
 71000 | Zot:2    | Gained mutation: You are dopey. (Int -2) [an orb of fire]
 71006 | Zot:2    | Killed an orb of fire
 71075 | Zot:2    | Noticed an electric golem
 71115 | Zot:2    | Killed an electric golem
 71257 | Zot:5    | Entered Level 5 of the Realm of Zot
 71909 | Zot:5    | Reached skill level 25 in Spellcasting
 71909 | Zot:5    | Noticed a Killer Klown
 71909 | Zot:5    | Noticed an orb of fire
 71909 | Zot:5    | Noticed an electric golem
 71909 | Zot:5    | Noticed a dread lich
 71910 | Zot:5    | Noticed an electric golem
 71910 | Zot:5    | Noticed a Killer Klown
 71913 | Zot:5    | a Killer Klown changed into a juggernaut
 71913 | Zot:5    | Noticed a juggernaut
 71913 | Zot:5    | Noticed an orb of fire
 71914 | Zot:5    | Noticed a Killer Klown
 71921 | Zot:5    | Killed an electric golem
 71921 | Zot:5    | Killed a juggernaut
 71963 | Zot:5    | Killed a Killer Klown
 71964 | Zot:5    | Killed a Killer Klown
 71967 | Zot:5    | Killed an orb of fire
 72041 | Zot:5    | Noticed a dread lich
 72046 | Zot:5    | Noticed a Killer Klown
 72049 | Zot:5    | Killed an electric golem
 72053 | Zot:5    | Killed a dread lich
 72076 | Zot:5    | Noticed an orb of fire
 72086 | Zot:5    | Killed a Killer Klown
 72092 | Zot:5    | Noticed an orb of fire
 72101 | Zot:5    | Gained mutation: Your spells are a little easier to cast,
                  | but a little less powerful. [an orb of fire]
 72105 | Zot:5    | HP: 50/203 [orb of fire/fireball (10)]
 72106 | Zot:5    | Killed an orb of fire
 72106 | Zot:5    | Killed a Killer Klown
 72110 | Zot:5    | Killed a Killer Klown
 72117 | Zot:5    | Killed a dread lich
 72266 | Zot:5    | Noticed a Killer Klown
 72280 | Zot:5    | Noticed a Killer Klown
 72309 | Zot:5    | Got the Orb of Zot
 72837 | D:2      | Noticed Cataneps the pandemonium lord
 72860 | D:2      | Gained mutation: You expend health (3 HP) to strengthen
                  | your wands. [a neqoxec]
 72881 | D:$      | Escaped with the Orb!

Vanquished Creatures
  the Royal Jelly (Slime:5)
  3 dread liches
  An ancient lich (WizLab)
  3 orbs of fire
  2 juggernauts
  2 Killer Klowns (Zot:5)
  2 caustic shrikes (Depths:3)
  Nikola (Swamp:2)
  13 golden dragons
  A bone dragon (Crypt:3)
  9 tentacled monstrosities
  3 electric golems
  A Tzitzimitl (Crypt:3)
  2 doom hounds (Crypt:3)
  A walking crystal tome (Depths:3)
  Jorgrun (Swamp:3)
  14 Orb Guardians
  A deep elf blademaster (Elf:3)
  A walking earthen tome (Depths:4)
  4 liches
  5 quicksilver dragons
  3 titans
  Grunn (Crypt:3)
  6 sphinxes
  3 ancient champions
  2 deep elf master archers (Elf:3)
  3 tentacled starspawn (Abyss:3)
  28 acid blobs
  9 tengu reavers
  2 death cobs
  Kirke (D:13)
  12 shadow dragons
  3 storm dragons
  Donald (Crypt:2)
  A thorn hunter (Swamp:4)
  3 revenants
  4 draconian monks
  13 rockslimes
  5 fire giants
  5 deep elf sorcerers (Elf:3)
  2 draconian knights
  6 azure jellies
  A nagaraja (Zig:2)
  2 iron dragons
  6 draconian scorchers
  13 frost giants
  21 vault wardens
  5 draconian shifters
  An emperor scorpion (Spider:4)
  6 ghost moths
  Aizul (Swamp:2)
  2 balrugs
  A cacodemon (Depths:4)
  3 draconian stormcallers
  9 ghouls
  2 curse skulls
  A draconian annihilator (Zot:1)
  An orc warlord (Zig:5)
  Louise (Elf:3)
  17 ironbound preservers
  4 deep elf elementalists (Elf:3)
  2 reapers
  2 war gargoyles
  19 very ugly things
  8 vampire knights
  3 broodmothers
  19 quicksilver oozes
  13 stone giants
  8 deep elf demonologists
  9 green draconians
  An eleionoma (Swamp:4)
  Nessos (D:12)
  4 yellow draconians
  8 deep elf annihilators
  6 ironbound thunderhulks
  8 dire elephants
  9 black draconians
  5 bunyips
  4 purple draconians
  4 red draconians
  5 eidola
  13 deep elf death magi
  4 spark wasps
  Snorg (Lair:3)
  4 white draconians
  10 fire dragons
  21 jiangshi
  2 blizzard demons (Depths:4)
  10 ettins
  A quicksilver dragon zombie (Crypt:1)
  13 yaktaur captains
  Josephine (Lair:3)
  A merfolk impaler (Depths:3)
  3 deep elf high priests
  6 entropy weavers
  A salamander tyrant (Zig:2)
  4 ice dragons
  18 hydras
  3 shambling mangroves
  8 great orbs of eyes
  39 vault guards
  4 jorogumos
  2 hell beasts (Depths:4)
  4 ironbound frosthearts
  5 radroaches
  3 ogre magi
  2 spriggan air magi
  8 boulder beetles
  16 centaur warriors
  An Orb Guardian zombie (Crypt:2)
  3 ghost crabs
  A spectral stone giant (Crypt:3)
  12 dancing weapons
  5 catoblepae
  9 alligators
  6 deep troll shamans
  5 death scarabs (Spider:4)
  8 tengu warriors
  3 death knights (Crypt:3)
  5 vampire magi
  6 death yaks (Lair:5)
  4 deep troll earth magi
  9 two-headed ogres
  4 thrashing horrors
  3 spriggan berserkers
  9 deep elf knights
  3 sun demons (D:3)
  6 orc high priests
  A wretched star (Zig:6)
  A hell knight (Vaults:5)
  3 soul eaters
  8 iron trolls
  2 sixfirhies
  Amaemon (Lair:1)
  2 sun moths
  A spatial maelstrom (Zig:6)
  18 skeletal warriors
  A death drake (Abyss:3)
  A spectral bunyip (Crypt:3)
  43 deep trolls
  3 shadow wraiths (Crypt:3)
  9 steelbarb worms
  9 flayed ghosts
  8 goliath frogs
  A bunyip zombie (Abyss:3)
  2 glowing orange brains (Depths:2)
  13 pharaoh ants
  15 deep elf archers
  8 orb spiders
  6 spriggan druids
  A storm dragon skeleton (Depths:1)
  An obsidian statue (Depths:4)
  A tengu zombie (Vaults:4)
  Pikel (D:9)
  14 swamp dragons
  9 bog bodies
  2 orange crystal statues (Zig:8)
  8 wizards
  A sphinx zombie (Vaults:2)
  27 ironbound convokers
  13 wolf spiders
  12 orc knights
  17 phantasmal warriors
  18 deep elf zephyrmancers
  2 spectral wolf spiders (Spider:4)
  2 broodmother zombies (Spider:4)
  7 necromancers
  41 ugly things
  A mana viper (shapeshifter) (Vaults:5)
  24 deep elf pyromancers
  6 orc sorcerers
  7 lindwurms
  A fire giant zombie (Vaults:4)
  7 manticores
  10 shining eyes
  3 will-o-the-wisps
  8 cyclopes
  7 large abominations
  2 cyclopes (shapeshifter) (D:12)
  A manticore (shapeshifter) (D:14)
  A worldbinder (Abyss:3)
  An elephant (shapeshifter) (Vaults:2)
  6 elephants (Lair:4)
  19 vault sentinels
  14 moths of wrath
  An apocalypse crab (Zig:6)
  A dire elephant zombie (Abyss:3)
  10 torpor snails
  3 black mambas
  2 orange demons
  2 ice statues (Zig:8)
  4 smoke demons
  2 gargoyles
  14 cane toads
  3 unseen horrors
  4 eyes of devastation
  A torpor snail (shapeshifter) (D:14)
  3 kobold demonologists
  3 spectral redbacks (Spider:4)
  4 rime drakes
  2 purple draconian zombies
  Psyche (D:8)
  A sea snake zombie (Crypt:2)
  3 demonic crawlers
  A spectral naga (Crypt:3)
  9 tengu conjurers
  2 redback zombies (Crypt:1)
  3 efreet
  An elf skeleton (Vaults:1)
  21 yaktaurs
  A spectral deep troll (Crypt:3)
  9 komodo dragons
  5 freezing wraiths
  A red devil (Depths:4)
  A tormentor (Depths:4)
  13 trolls
  A hellwing (D:10)
  A death yak skeleton (Crypt:1)
  An ice devil (Depths:4)
  A merfolk (shapeshifter) (Vaults:5)
  An ancient zyme (Zig:6)
  7 bloated husks
  8 meliai
  A polar bear (Lair:4)
  3 spectral tarantellas (Spider:4)
  13 tyrant leeches
  A hornet (shapeshifter) (D:12)
  16 hornets
  131 slime creatures
  3 raiju (Abyss:3)
  14 dream sheep
  A wolf spider simulacrum (D:13)
  28 tarantellas
  A fire giant simulacrum (Vaults:1)
  A spectral culicivora (Spider:4)
  4 spectral jumping spiders (Spider:4)
  4 culicivora zombies
  17 blink frogs
  A radroach zombie (Crypt:2)
  A tarantella zombie (Spider:4)
  26 jumping spiders
  2 air elementals (Elf:1)
  49 flying skulls (Crypt:3)
  32 culicivoras
  15 spriggans
  4 shadows
  5 ynoxinuls
  A centaur simulacrum (D:14)
  An ettin skeleton (Vaults:4)
  A spriggan (shapeshifter) (Vaults:5)
  11 water elementals
  2 elf simulacra
  8 vampires
  20 wraiths
  2 hogs (D:13)
  54 yaks
  2 basilisks
  4 fire elementals
  4 wyverns
  6 golden eyes
  A redback (shapeshifter) (Vaults:5)
  A yaktaur simulacrum (Vaults:4)
  3 neqoxecs (Depths:4)
  46 redbacks
  3 steam dragons
  An elf zombie (Vaults:2)
  2 death yak simulacra (IceCv)
  A harpy simulacrum (IceCv)
  A swamp worm (shapeshifter) (Vaults:5)
  17 swamp worms
  17 vampire mosquitoes
  4 wargs
  6 acid dragons
  3 hell hounds (D:13)
  A merfolk skeleton (Crypt:1)
  4 two-headed ogre zombies (WizLab)
  18 water moccasins
  2 floating eyes
  12 swamp drakes
  5 nameless horrors
  An ogre skeleton (Vaults:2)
  A black bear (shapeshifter) (D:14)
  2 ice beasts
  An ettin simulacrum (Vaults:2)
  49 orc warriors
  2 black bears
  A sky beast (D:7)
  8 ogres
  A boggart (Vaults:4)
  An elephant skeleton (Crypt:2)
  10 wolves
  5 centaurs
  4 lemures (D:9)
  3 kobold brigands
  2 human zombies (Vaults:1)
  8 bullfrogs
  4 small abominations
  3 scorpions
  2 earth elementals
  A glowing shapeshifter simulacrum (Depths:1)
  9 necrophages
  10 wights
  A cane toad simulacrum (IceCv)
  7 troll zombies (WizLab)
  A wolf zombie (Crypt:2)
  7 killer bees
  2 spriggan skeletons
  2 electric eels (Spider:3)
  8 howler monkeys
  A quasit (Abyss:3)
  2 gnoll boudas
  5 jellies
  A black bear zombie (Crypt:1)
  17 orc priests
  A basilisk zombie (Crypt:1)
  An iron imp (Abyss:3)
  Terence (D:3)
  20 orc wizards
  4 hell rats (Lair:5)
  A polar bear simulacrum (IceCv)
  6 ogre zombies (WizLab)
  A hound zombie (D:3)
  A hound skeleton (D:3)
  16 gnolls
  A river rat (Sewer)
  10 adders
  A shadow imp (D:4)
  3 white imps
  2 ufetubi
  An adder zombie (D:3)
  An adder skeleton (D:3)
  6 worms
  3 dart slugs
  103 orcs
  4 bats
  10 endoplasms
  5 giant cockroaches
  11 goblins
  7 hobgoblins
  4 jackals (D:1)
  14 kobolds
  A quokka (D:3)
  10 ball pythons
  A ball python skeleton (D:3)
  2 frilled lizards
  A quokka zombie (D:3)
  7 rats
  10 briar patches (Swamp:4)
  2 butterflies (D:5)
  2 starspawn tentacles (Abyss:3)
2423 creatures vanquished.

Vanquished Creatures (collateral kills)
  A dread lich (Crypt:3)
  A Killer Klown (Zot:5)
  A golden dragon (Depths:3)
  A Brimstone Fiend (Zot:2)
  A tentacled monstrosity (Zot:5)
  3 Orb Guardians (Zot:5)
  2 liches (Depths:2)
  3 deep elf blademasters (Elf:3)
  A frost giant (Depths:2)
  A vault warden (Vaults:5)
  A juggernaut zombie (Crypt:2)
  The ghost of DEFE the Eclecticist, a journeyman DsHs of Vehumet (Spider:1)
  A ghost moth (Spider:4)
  A broodmother (Spider:2)
  3 entropy weavers
  A fire dragon (Swamp:4)
  3 jiangshi
  3 deep elf high priests
  A caustic shrike simulacrum (Abyss:3)
  5 hydras
  A death knight (Crypt:3)
  14 dancing weapons
  A death scarab (Spider:1)
  A thrashing horror (Abyss:3)
  A sun demon (Zot:5)
  4 deep elf knights
  A skeletal warrior (Crypt:3)
  A sun moth (Spider:4)
  2 deep trolls (Vaults:4)
  2 pharaoh ants (Spider:4)
  2 swamp dragons (Swamp:4)
  A steelbarb worm (Spider:4)
  4 deep elf zephyrmancers
  A deep elf pyromancer (Elf:2)
  A wolf spider (Spider:4)
  An apocalypse crab (Abyss:3)
  An orange demon (Abyss:3)
  2 demonic crawlers
  A meliai (D:14)
  A spectral jumping spider (Spider:4)
  2 hornets
  A tarantella (Spider:4)
  A jumping spider (Spider:1)
  A culicivora (Spider:3)
  2 spriggans (Swamp:1)
  A fire elemental (Elf:1)
  A chaos spawn (Zot:5)
  A neqoxec (Abyss:3)
  4 redbacks
  A swamp drake (Swamp:4)
  2 orc warriors
  A necrophage (Crypt:1)
  An earth elemental (Elf:3)
  9 ball lightnings
106 creatures vanquished.

Vanquished Creatures (others)
  An orb of fire (Zot:5)
  2 Killer Klowns (Zot:5)
  A profane servitor (Crypt:3)
  7 Orb Guardians
  2 draconian shifters
  A red draconian (Zot:5)
  A deep elf knight (Elf:2)
  2 moths of wrath (Zot:5)
  2 tyrant leeches (Spider:3)
  A water elemental (Elf:1)
  A human (D:13)
  A golden eye (Zot:5)
  2 nameless horrors
  An orc warrior (Elf:1)
  An orc priest (Elf:1)
  An orc (Elf:1)
  404 ball lightnings
  12 foxfires
  26 fungi
  55 plants
  3 starspawn tentacles (Abyss:3)
  11 withered plants
538 creatures vanquished.

Grand Total: 3067 creatures vanquished

Table legend:
 A = Non-vault XP
 B = Vault XP
 C = Vault XP percentage of total XP
 D = Non-vault monster count
 E = Vault monster count
 F = Vault count percentage of total count
                 A         B        C        D         E       F
            +---------+---------+-------+---------+---------+-------
      Total |  764754 |  637930 |  45.5 |    1529 |     935 |  37.9
            +---------+---------+-------+---------+---------+-------
        D:1 |      36 |       0 |   0.0 |      19 |       0 |   0.0
        D:2 |      59 |       0 |   0.0 |      13 |       0 |   0.0
        D:3 |     121 |      99 |  45.0 |      22 |      10 |  31.2
        D:4 |     475 |       0 |   0.0 |      21 |       0 |   0.0
        D:5 |     504 |       0 |   0.0 |      14 |       0 |   0.0
        D:6 |    1622 |       0 |   0.0 |      20 |       0 |   0.0
        D:7 |    1032 |       7 |   0.7 |      14 |       4 |  22.2
        D:8 |    1793 |     365 |  16.9 |      16 |       1 |   5.9
        D:9 |    5806 |    1477 |  20.3 |      31 |      13 |  29.5
       D:10 |    2917 |    3849 |  56.9 |      19 |      12 |  38.7
       D:11 |    4343 |     754 |  14.8 |      21 |       2 |   8.7
       D:12 |    5380 |   12713 |  70.3 |      14 |      29 |  67.4
       D:13 |    4808 |    3531 |  42.3 |      13 |       5 |  27.8
       D:14 |    7195 |    8086 |  52.9 |      18 |      40 |  69.0
       D:15 |   11446 |    2842 |  19.9 |      27 |       3 |  10.0
     Lair:1 |    5437 |    2385 |  30.5 |      24 |       8 |  25.0
     Lair:2 |    4958 |    1314 |  21.0 |      20 |       7 |  25.9
     Lair:3 |    2422 |    3158 |  56.6 |       7 |       9 |  56.2
     Lair:4 |    7689 |    1264 |  14.1 |      24 |       2 |   7.7
     Lair:5 |   12053 |   10868 |  47.4 |      47 |      23 |  32.9
    Swamp:1 |   16872 |     898 |   5.1 |      39 |       3 |   7.1
    Swamp:2 |   11494 |    9016 |  44.0 |      18 |      10 |  35.7
    Swamp:3 |   17406 |    1831 |   9.5 |      35 |       1 |   2.8
    Swamp:4 |   20661 |   16333 |  44.2 |      32 |      27 |  45.8
   Spider:1 |    6087 |    4980 |  45.0 |      18 |       6 |  25.0
   Spider:2 |   17600 |    5536 |  23.9 |      45 |      10 |  18.2
   Spider:3 |   28590 |    3757 |  11.6 |      69 |      12 |  14.8
   Spider:4 |   14501 |   26190 |  64.4 |      35 |      54 |  60.7
    Slime:1 |    8309 |       0 |   0.0 |      18 |       0 |   0.0
    Slime:2 |   16030 |    1820 |  10.2 |      35 |       7 |  16.7
    Slime:3 |   11052 |       0 |   0.0 |      13 |       0 |   0.0
    Slime:4 |   10355 |       0 |   0.0 |      24 |       0 |   0.0
    Slime:5 |   12313 |   22075 |  64.2 |      17 |      19 |  52.8
      Orc:1 |     499 |       0 |   0.0 |       9 |       0 |   0.0
      Orc:2 |    7472 |    8195 |  52.3 |      61 |      25 |  29.1
      Elf:1 |   19064 |   14241 |  42.8 |      33 |      28 |  45.9
      Elf:2 |   18626 |    9158 |  33.0 |      34 |      13 |  27.7
      Elf:3 |   15720 |   42858 |  73.2 |      25 |      38 |  60.3
   Vaults:1 |   16345 |    3027 |  15.6 |      21 |      11 |  34.4
   Vaults:2 |   31087 |   42064 |  57.5 |      41 |      50 |  54.9
   Vaults:3 |   25017 |   26960 |  51.9 |      35 |      38 |  52.1
   Vaults:4 |   15547 |   30744 |  66.4 |      30 |      43 |  58.9
   Vaults:5 |   13559 |   90750 |  87.0 |      17 |      87 |  83.7
    Crypt:1 |   29050 |       0 |   0.0 |      44 |       0 |   0.0
    Crypt:2 |   15343 |    1407 |   8.4 |      21 |       1 |   4.5
    Crypt:3 |    3114 |   76760 |  96.1 |       2 |     127 |  98.4
   Depths:1 |   20714 |       0 |   0.0 |      25 |       0 |   0.0
   Depths:2 |   28655 |   27287 |  48.8 |      36 |      21 |  36.8
   Depths:3 |   29583 |   18894 |  39.0 |      34 |      10 |  22.7
   Depths:4 |   38040 |   23417 |  38.1 |      50 |      27 |  35.1
      Zot:1 |   27003 |    5552 |  17.1 |      22 |       4 |  15.4
      Zot:2 |   22614 |    2597 |  10.3 |      16 |       2 |  11.1
      Zot:4 |     498 |       0 |   0.0 |       1 |       0 |   0.0
      Zot:5 |   30519 |   58875 |  65.9 |      26 |      25 |  49.0
    Abyss:3 |   17652 |       0 |   0.0 |      32 |       0 |   0.0
      Zig:1 |    1164 |       0 |   0.0 |       1 |       0 |   0.0
      Zig:2 |    2162 |       0 |   0.0 |       2 |       0 |   0.0
      Zig:3 |    2232 |       0 |   0.0 |       4 |       0 |   0.0
      Zig:4 |    3446 |       0 |   0.0 |       6 |       0 |   0.0
      Zig:5 |    6937 |       0 |   0.0 |       9 |       0 |   0.0
      Zig:6 |    5946 |       0 |   0.0 |      11 |       0 |   0.0
      Zig:7 |    6979 |       0 |   0.0 |      13 |       0 |   0.0
      Zig:8 |    6488 |    2171 |  25.1 |      11 |       4 |  26.7
      Zig:9 |    9080 |       0 |   0.0 |      13 |       0 |   0.0
     Zig:10 |   13644 |       0 |   0.0 |      12 |       0 |   0.0
      Sewer |       0 |     192 | 100.0 |       0 |      23 | 100.0
     Bailey |       0 |    1205 | 100.0 |       0 |      29 | 100.0
      IceCv |       0 |    1797 | 100.0 |       0 |       7 | 100.0
     WizLab |    9589 |    4631 |  32.6 |      30 |       5 |  14.3
            +---------+---------+-------+---------+---------+-------

Illustrated notes

Table legend:
 A = Kills in this place as a percentage of kills in entire the game.
 B = Kills by you in this place as a percentage of kills by you in the entire game.
 C = Kills by friends in this place as a percentage of kills by friends in the entire game.
 D = Other kills in this place as a percentage of other kills in the entire game.
 E = Experience gained in this place as a percentage of experience gained in the entire game.
 F = Experience gained in this place divided by the number of levels of this place that you have seen.
                   A       B       C       D       E      F
               +-------+-------+-------+-------+-------+----------------------
         Total | 100.0 | 100.0 | 100.0 | 100.0 | 100.0 | 19887.1
       Dungeon |  16.6 |  17.1 |   1.0 |  33.3 |   6.2 | 5839.1
          Lair |   6.9 |   7.3 |   0.0 |   0.0 |   3.7 | 10309.6
         Swamp |   6.7 |   6.4 |  13.4 |   8.3 |   6.7 | 23627.8
   Spider Nest |  10.1 |   9.6 |  22.7 |   4.2 |   7.6 | 26810.2
    Slime Pits |   5.4 |   5.6 |   0.0 |   0.0 |   5.8 | 16390.8
  Orcish Mines |   3.8 |   3.9 |   0.0 |  16.7 |   1.1 | 8083.0
   Elven Halls |   6.9 |   5.6 |  34.0 |  20.8 |   8.5 | 39889.0
        Vaults |  15.1 |  15.7 |   3.1 |   4.2 |  20.9 | 59020.0
         Crypt |   7.9 |   7.9 |   8.2 |   4.2 |   8.9 | 41891.3
        Depths |   8.2 |   8.4 |   4.1 |   0.0 |  13.2 | 46647.5
           Zot |   4.0 |   3.8 |   8.2 |   4.2 |  10.7 | 30126.0
         Abyss |   1.3 |   1.1 |   5.2 |   0.0 |   1.3 | 17652.0
      Ziggurat |   3.5 |   3.6 |   0.0 |   4.2 |   4.3 | 6024.9
         Sewer |   0.9 |   1.0 |   0.0 |   0.0 |   0.0 | 192.0
        Bailey |   1.2 |   1.2 |   0.0 |   0.0 |   0.1 | 1205.0
      Ice Cave |   0.3 |   0.3 |   0.0 |   0.0 |   0.1 | 1797.0
        Wizlab |   1.4 |   1.5 |   0.0 |   0.0 |   1.0 | 14220.0
               +-------+-------+-------+-------+-------+----------------------

Table legend: (Time is in decaauts)
 A = Elapsed time spent in this place.
 B = Non-inter-level travel time spent in this place.
 C = Inter-level travel time spent in this place.
 D = Time resting spent in this place.
 E = Time spent auto-exploring this place.
 F = Levels seen in this place.
 G = Mean time per level.
                   A        B        C        D        E       F      G
               +--------+--------+--------+--------+--------+-----+--------+
         Total |  72140 |  65455 |   6685 |  13276 |  35428 |  71 | 1016.1 |
       Dungeon |  18157 |  15908 |   2249 |   1776 |  10770 |  15 | 1210.5 |
        Temple |    104 |    104 |      0 |      0 |     43 |   1 |  104.0 |
          Lair |   8551 |   7673 |    878 |   2304 |   3938 |   5 | 1710.2 |
         Swamp |   3899 |   3775 |    124 |    538 |   2158 |   4 |  974.8 |
   Spider Nest |   5994 |   5395 |    599 |   1298 |   2332 |   4 | 1498.5 |
    Slime Pits |   2302 |   2112 |    190 |    418 |   1080 |   5 |  460.4 |
  Orcish Mines |   3869 |   3196 |    673 |   1307 |   1235 |   2 | 1934.5 |
   Elven Halls |   4104 |   3860 |    244 |    935 |   1737 |   3 | 1368.0 |
        Vaults |   9140 |   8002 |   1138 |   1250 |   5304 |   5 | 1828.0 |
         Crypt |   4129 |   4003 |    126 |    883 |   2129 |   3 | 1376.3 |
        Depths |   5827 |   5461 |    366 |   1385 |   2829 |   4 | 1456.8 |
           Zot |   2601 |   2507 |     94 |    315 |   1076 |   5 |  520.2 |
         Abyss |    623 |    623 |      0 |      0 |      0 |   1 |  623.0 |
      Ziggurat |    963 |    963 |      0 |    380 |    124 |  10 |   96.3 |
         Sewer |    498 |    498 |      0 |     87 |    278 |   1 |  498.0 |
        Bailey |    466 |    466 |      0 |     54 |    242 |   1 |  466.0 |
      Ice Cave |    334 |    334 |      0 |    203 |     25 |   1 |  334.0 |
        Wizlab |    572 |    572 |      0 |    140 |    127 |   1 |  572.0 |
               +--------+--------+--------+--------+--------+-----+--------+

Top non-repeatable levels by time:
   Orc:2: 3239 daAuts
  Lair:5: 2731 daAuts
Vaults:2: 2645 daAuts
     D:9: 2179 daAuts
Vaults:4: 1993 daAuts
    D:12: 1913 daAuts
  Lair:4: 1861 daAuts
Depths:3: 1755 daAuts
Depths:2: 1731 daAuts
Spider:4: 1730 daAuts
Spider:2: 1730 daAuts
Spider:3: 1682 daAuts
Vaults:1: 1632 daAuts
Vaults:3: 1615 daAuts
 Crypt:3: 1611 daAuts
